 Dungeon Crawl Stone Soup version 0.22.1-2-g9c5b331383 (webtiles) character file.

193 Peloso the Covered (level 5, -2/47 HPs)
             Began as a Minotaur Fighter on Jan 1, 2019.
             Slain by a sky beast (6 damage)
             ... on level 2 of the Dungeon.
             The game lasted 00:03:35 (2176 turns).

Peloso the Covered (Minotaur Fighter)               Turns: 2176, Time: 00:03:35

Health: -2/47      AC:  7    Str: 20    XL:     5   Next: 43%
Magic:  4/4        EV:  8    Int:  5    God:
Gold:   128        SH:  9    Dex: 11    Spells: 4/4 levels left

rFire    . . .     SeeInvis .   a - +0 long sword
rCold    . . .     Gourm    .   c - +0 shield
rNeg     . . .     Faith    .   b - +0 scale mail
rPois    .         Spirit   .   (helmet restricted)
rElec    .         Reflect  .   (no cloak)
rCorr    .         Harm     .   (no gloves)
MR       .....                  (no boots)
Stlth    ..........             (no amulet)
HPRegen  0.15/turn              (no ring)
MPRegen  0.09/turn              (no ring)

@: no status effects
A: retaliatory headbutt, horns 2
a: no special abilities


You were on level 2 of the Dungeon.
You were not hungry.

You visited 1 branch of the dungeon, and saw 3 of its levels.

You collected 128 gold pieces.

Inventory:

Hand Weapons
 a - a +0 long sword (weapon)
Armour
 b - a +0 scale mail (worn)
 c - a +0 shield (worn)
Wands
 t - a wand of acid (5)
Scrolls
 e - a scroll of amnesia {unknown}
 g - 2 scrolls of magic mapping {unknown}
 i - a scroll of noise {unknown}
 j - a scroll of fog {unknown}
 n - 2 scrolls of remove curse {unknown}
 o - 3 scrolls of identify {unknown}
 r - a scroll of fear {unknown}
Potions
 d - a potion of might
 h - 2 potions of haste {unknown}
 k - a potion of degeneration {unknown}
 l - a potion of lignification {unknown}
 m - a potion of flight {unknown}
 q - a potion of ambrosia {unknown}
 s - a potion of curing {unknown}
Comestibles
 f - 8 rations
 p - 2 chunks of flesh


   Skills:
 + Level 4.5 Fighting
 + Level 4.2 Long Blades
 + Level 4.6 Armour
 + Level 1.7 Dodging
 + Level 0.7 Stealth
 + Level 4.4 Shields


You had 4 spell levels left.
You didn't know any spells.
Your spell library was empty.

Dungeon Overview and Level Annotations

Branches:
Dungeon (3/15)

Altars:


Innate Abilities, Weirdness & Mutations

You reflexively headbutt those who attack you in melee.
You have a pair of horns on your head.


Message History

You closely miss something. Something hits you but does no damage.
You miss something. Something hits you but does no damage. Something hits you.
* * * LOW HITPOINT WARNING * * *
Something shocks you.
* * * LOW HITPOINT WARNING * * *
A sky beast appears from thin air!
Reactivating autopickup.
The sky beast flickers out of sight!
Deactivating autopickup; reactivate with Ctrl-A.
Found a mace.
A hobgoblin comes into view. It is wielding a club.
The hobgoblin shouts!
You hear a shout! x2
There is an escape hatch in the ceiling here.
Something hits you but does no damage. A mysterious force pulls you upwards.
The hatch slams shut behind you.
You start resting.
Something hits you but does no damage.
You start resting.
Something hits you.
* * * LOW HITPOINT WARNING * * *
Something shocks you.
You die...

#.# #.#.####...# #.#
#.#........# #.#
#....###...# #.# ####.#
##.## #.# #.# #.# #.# #.#
#.# #.# #.# #.# #.#
#######.####.#### #.#
#......@........# #.###
#.#####.###.#.#.# ....#
#.# #.##.###..# #.#.####
#.# #.###.#.#.# .......#
#.# #.# ##.##.#
#.#.##.###.# #.# #.##.#
........##.#####.# #.##.#
.................# #.##.#
####....##.##########.##.#


There were no monsters in sight!

Vanquished Creatures
  2 orc priests
  An orc wizard (D:3)
  3 gnolls (D:1)
  2 worms (D:2)
  A dart slug (D:1)
  3 leopard geckos
  8 orcs
  5 bats
  4 giant cockroaches (D:2)
  3 goblins (D:2)
  5 hobgoblins
  3 jackals (D:2)
  7 kobolds
  5 frilled lizards
  6 rats
58 creatures vanquished.

Notes
Turn   | Place    | Note
-------+----------+-------------------------------------------
     0 | D:1      | Peloso the Minotaur Fighter began the quest for the Orb.
     0 | D:1      | Reached XP level 1. HP: 19/19 MP: 0/0
   228 | D:1      | Reached XP level 2. HP: 22/27 MP: 1/1
   828 | D:1      | Reached XP level 3. HP: 15/33 MP: 2/2
  1154 | D:2      | Reached XP level 4. HP: 35/40 MP: 3/3
  1770 | D:2      | Reached skill level 1 in Dodging
  2099 | D:3      | Reached XP level 5. HP: 41/47 MP: 4/4
  2144 | D:3      | Noticed a sky beast
  2176 | D:2      | Slain by a sky beast

Skill      XL: |  1  2  3  4 |
---------------+-------------+-----
Fighting       | 4 |  4.5
Armour         | 4 |  4.6
Long Blades    | 3 4 |  4.2
Shields        | 4 |  4.4
Dodging        | 1 |  1.7
Stealth        | |  0.7

Action                   |  1- 3 |  4- 6 || total
-------------------------+-------+-------++-------
Melee: Long sword        |    70 |    76 ||   146
       Headbutt          |    13 |    11 ||    24
  Eat: Chunk             |     1 |     3 ||     4
Armor: Scale mail        |    41 |    39 ||    80
Dodge: Dodged            |    20 |    28 ||    48
Block: Shield            |    37 |    51 ||    88
       Rpst.: Long sword |     6 |     5 ||    11
